 Dungeon Crawl Stone Soup version 0.27-a0-249-g74f53ef629 (webtiles) character file.

Game seed: 5109069502361954580

6121 jasper the Martial Artist (level 10, -1/76 HPs)
             Began as a Demonspawn Transmuter on Feb 3, 2021.
             Was a Believer of Ashenzari.
             Slain by a yak (16 damage)
             ... on level 9 of the Dungeon.
             The game lasted 00:25:29 (13405 turns).

jasper the Martial Artist (Demonspawn Transmuter)  Turns: 13405, Time: 00:25:29

Health: -1/76      AC:  7    Str: 10    XL:     10   Next: 59%
Magic:  13/13      EV: 13    Int: 24    God:    Ashenzari [**....]
Gold:   554        SH: 10    Dex: 14    Spells: 10/13 levels left

rFire    . . .     SeeInvis .     - Unarmed
rCold    . . .     Faith    .   G - +0 kite shield (curse)
rNeg     . . .     Spirit   .   x - +2 leather armour {Will+} (curse)
rPois    .         Reflect  .   (helmet currently unavailable)
rElec    .         Harm     .   E - +0 cloak (curse)
rCorr    .         Rampage  .   y - +0 pair of gloves
Will     +....                  (boots unavailable)
Stlth    +.........             (no amulet)
HPRegen  0.22/turn              B - +4 ring of slaying (curse)
MPRegen  0.26/turn              D - +6 ring of intelligence (curse)

@: appendages
A: claws 1, hooves 3, horns 2, magic regeneration
a: End Transformation, Renounce Religion, Curse Item, Scrying


You were on level 9 of the Dungeon.
You worshipped Ashenzari.
Ashenzari was pleased with you.
You had grown temporary horns.
You visited 2 branches of the dungeon, and saw 10 of its levels.
You also visited: Sewer and Ossuary.

You collected 612 gold pieces.
You spent 58 gold pieces at shops.

Inventory:

Missiles
 i - 7 javelins
 u - 26 poisoned darts
Armour
 a - a +0 robe
 l - a +0 ring mail
 t - a +0 scale mail
 x - a cursed +2 leather armour of willpower (worn)
 y - a +0 pair of gloves (worn)
 E - a cursed +0 cloak (worn)
 F - a +2 cloak
 G - a cursed +0 kite shield (worn)
Jewellery
 k - an uncursed ring of fire
 B - a cursed +4 ring of slaying (left hand)
 D - a cursed +6 ring of intelligence (right hand)
 H - an uncursed ring of see invisible
 K - an uncursed amulet of faith
Wands
 v - a wand of mindburst (8)
 z - a wand of paralysis (11)
 C - a wand of random effects (54)
 O - a wand of acid (4)
Scrolls
 c - 9 scrolls of teleportation
 e - a scroll of fear
 g - 3 scrolls of remove curse
 h - 2 scrolls of enchant weapon
 j - 2 scrolls of noise
 n - 2 scrolls of immolation
 o - 2 scrolls of amnesia
 q - 2 scrolls of magic mapping
 A - 2 scrolls of enchant armour
Potions
 b - 9 potions of curing
 d - 2 potions of brilliance
 f - 2 potions of attraction
 m - 7 potions of flight
 r - 5 potions of lignification
 s - a potion of heal wounds
 w - a potion of resistance
 I - 2 potions of ambrosia
 J - a potion of might
 L - a potion of degeneration {unknown}
 P - a potion of haste
Miscellaneous
 p - a phial of floods


   Skills:
 * Level 6.2 Fighting
 - Level 1.0 Armour
 * Level 5.8 Dodging
 * Level 5.5(6.9) Shields
 - Level 10.0 Unarmed Combat
 - Level 2.0 Spellcasting
 + Level 4.3(5.7) Transmutations
 - Level 3.6(5.0) Evocations


You had 10 spell levels left.
You knew the following spells:

 Your Spells              Type           Power        Failure   Level
a - Beastly Appendage     Tmut           58%          4%          1
b - Wereblood             Tmut           29%          7%          2

Your spell library contained the following spells:

 Spells                   Type           Power        Failure   Level
 Spider Form              Tmut/Pois      8%           38%         3
 Poisonous Vapours        Pois/Air       6%           54%         2
 Confusing Touch          Hex            3%           77%         3
 Mephitic Cloud           Conj/Pois/Air  3%           77%         3
 Static Discharge         Conj/Air       3%           77%         3
 Blade Hands              Tmut           14%          77%         5
 Gell's Gravitas          Tloc           1%           78%         3
 Ice Form                 Ice/Tmut       16%          80%         4
 Petrify                  Tmut/Erth      16%          80%         4
 Yara's Violent Unravell  Hex/Tmut       8%           98%         5
 Metabolic Englaciation   Hex/Ice        1%           100%        5


Dungeon Overview and Level Annotations

Branches:
Dungeon (9/15)             Temple (1/1) D:4            Lair (0/6) D:8
  Sewer (visited)         Ossuary (visited)
    Orc: D:9-12

Altars:
Ashenzari
Cheibriados
Dithmenos
Elyvilon
Fedhas
Gozag
Kikubaaqudgha
Okawaru
Ru
Trog
Uskayaw
Vehumet
Xom
Yredelemnul
Zin
The Shining One

Shops:
D:5 [


Innate Abilities, Weirdness & Mutations

You have sharp fingernails.
You have hooves in place of feet.
You regenerate magic rapidly.
You have a pair of horns on your head.


Message History

You punch the yak! Your headbutt misses the yak.
The yak is heavily wounded.
The yak gores you.
You take 6 damage, and have 32/76 hp.
MP restored: 13 You hit the yak.
The yak is severely wounded.
The yak gores you!
* * * LOW HITPOINT WARNING * * *
You take 15 damage, and have 17/76 hp.
You hit the yak but do no damage.
The yak is severely wounded.
The yak gores you.
* * * LOW HITPOINT WARNING * * *
You take 2 damage, and have 15/76 hp.
You barely miss the yak. You kick the yak!
The yak is almost dead.
The yak misses you. x2
The yak gores you!
You die...

............P≈≈≈.≈P........# *
.............P≈≈≈♣.Y......##
..........##..P.P..#......# ,
.....÷...######...##..#...#
.......### #..###..###.## ##.
.......# #YY##..## #..####..
......## ##Y##..# ##.......
......## #†#...# #.......
..##...## #@Y..## ##..###..
.###....# ##....# ##..## #..
.##.....## ##.....# #...# #..
###......#####......####...# #..
##........#................# ##.
.......................Y...####..
........................#...#...#
...#######..........#...###....##
..## #..........##...###...##


You could see 4 yaks.

Vanquished Creatures
  A two-headed ogre (D:8)
  A centaur warrior (D:9)
  A hornet (D:7)
  A slime creature (D:8)
  Eustachio (D:4)
  6 yaks
  Edmund (D:6)
  2 black bears (D:8)
  4 orc warriors
  A sky beast (D:5)
  An ogre (D:7)
  3 centaurs (D:5)
  2 big kobolds (D:8)
  4 bullfrogs
  A wyvern zombie (D:9)
  5 scorpions
  A wyvern skeleton (D:8)
  2 howler monkeys (D:4)
  An electric eel (D:9)
  An orc priest (D:7)
  3 bullfrog zombies
  3 hounds
  2 jellies
  3 bullfrog skeletons
  A centaur skeleton (D:7)
  2 iguanas
  Ijyb (D:2)
  Terence (D:2)
  6 orc wizards
  A merfolk siren (Sewer)
  8 worker ants
  A merfolk avatar (Sewer)
  8 big kobold zombies (Ossuary)
  A hound zombie (D:7)
  A hound skeleton (D:5)
  A mummy (Ossuary)
  A worker ant zombie (D:6)
  A howler monkey skeleton (D:4)
  11 adders
  5 river rats
  3 white imps
  An ufetubus (D:5)
  5 oozes
  2 adder zombies
  2 worms (D:2)
  3 dart slugs
  2 leopard geckos
  28 orcs
  5 spectral bats (Ossuary)
  4 ball pythons (Sewer)
  7 bats
  11 giant cockroaches
  4 gnoll zombies (Ossuary)
  6 goblins
  9 hobgoblins
  16 jackals
  17 kobolds
  4 quokkas
  A bat simulacrum (Ossuary)
  8 frilled lizards
  4 goblin simulacra (Ossuary)
  3 goblin zombies (Ossuary)
  4 hobgoblin zombies (Ossuary)
  4 kobold simulacra (Ossuary)
  7 kobold zombies (Ossuary)
  A leopard gecko zombie (D:5)
  4 orc zombies (Ossuary)
  A quokka zombie (D:5)
  25 rats
  2 rat simulacra (Ossuary)
  3 spectral goblins (Ossuary)
  2 spectral kobolds (Ossuary)
  2 spectral rats (Ossuary)
301 creatures vanquished.

Vanquished Creatures (others)
  A quokka (D:9)
  6 fungi (D:8)
  28 plants
35 creatures vanquished.

Grand Total: 336 creatures vanquished

Notes
Turn   | Place    | Note
-------+----------+-------------------------------------------
     0 | D:1      | jasper the Demonspawn Transmuter began the quest for the
                  | Orb.
     0 | D:1      | Reached XP level 1. HP: 15/15 MP: 3/3
    61 | D:1      | Reached skill level 3 in Unarmed Combat
   271 | D:1      | Gained mutation: You regenerate magic rapidly. [demonic
                  | ancestry]
   271 | D:1      | Reached XP level 2. HP: 8/21 MP: 3/5
   431 | D:1      | Learned a level 2 spell: Wereblood
   959 | D:1      | Reached XP level 3. HP: 25/26 MP: 4/6
  1157 | D:1      | Reached skill level 4 in Unarmed Combat
  1445 | D:2      | You fall into a shaft and drop 2 floors!
  1710 | D:4      | Found a glowing drain.
  1718 | D:4      | Reached XP level 4. HP: 27/32 MP: 4/7
  1801 | Sewer    | Entered a sewer
  2168 | Sewer    | Reached skill level 5 in Unarmed Combat
  2270 | Sewer    | Reached XP level 5. HP: 22/37 MP: 6/8
  3045 | D:4      | Noticed Eustachio
  3053 | D:4      | Reached skill level 6 in Unarmed Combat
  3066 | D:4      | Gained mutation: You have large cloven feet. [demonic
                  | ancestry]
  3066 | D:4      | Reached XP level 6. HP: 34/43 MP: 6/9
  3462 | D:2      | Found a faded altar of an unknown god.
  3526 | D:2      | Noticed Terence
  3533 | D:2      | Killed Terence
  3868 | D:3      | Noticed Ijyb
  3879 | D:2      | Killed Ijyb
  4165 | D:3      | Found a snail-covered altar of Cheibriados.
  4331 | D:3      | Found a glowing silver altar of Zin.
  4331 | D:3      | Noticed an angel
  4408 | D:3      | Found a basalt altar of Yredelemnul.
  4685 | D:3      | Reached skill level 7 in Unarmed Combat
  5029 | D:4      | Gained mutation: You have sharp fingernails. [demonic
                  | ancestry]
  5029 | D:4      | Reached XP level 7. HP: 12/48 MP: 8/10
  5046 | D:3      | HP: 2/48 [adder (3)]
  5322 | D:4      | Killed Eustachio
  5374 | D:4      | Reached skill level 8 in Unarmed Combat
  5571 | D:4      | Found an opulent altar of Gozag.
  5778 | D:4      | Found a staircase to the Ecumenical Temple.
  5792 | Temple   | Entered the Ecumenical Temple
  5832 | Temple   | Became a worshipper of Ashenzari the Shackled
  6054 | D:5      | Entered Level 5 of the Dungeon
  6722 | D:5      | Reached skill level 9 in Unarmed Combat
  6722 | D:5      | Gained mutation: You have hoof-like feet. [demonic
                  | ancestry]
  6722 | D:5      | Reached XP level 8. HP: 54/54 MP: 11/11
  7261 | D:5      | Found Deimauwn's Armour Boutique.
  7268 | D:5      | Bought a +0 kite shield for 58 gold pieces
  7775 | D:6      | Reached skill level 10 in Unarmed Combat
  7951 | D:6      | Found a shimmering altar of Xom.
  8042 | D:6      | Noticed Edmund
  8059 | D:6      | Killed Edmund
  8060 | D:6      | Reached skill level 1 in Armour
  8311 | D:6      | Reached skill level 1 in Shields
  8320 | D:6      | Found a sand-covered staircase.
  8371 | Ossuary  | Entered an ossuary
  8518 | Ossuary  | Reached * piety under Ashenzari
  8532 | Ossuary  | Reached skill level 1 in Evocations
  9255 | D:6      | Found a shadowy altar of Dithmenos.
  9255 | D:6      | Found a hide-covered altar of Uskayaw.
  9780 | D:7      | Noticed a hornet
  9786 | D:7      | Killed a hornet
  9787 | D:7      | Gained mutation: You have hooves in place of feet. [demonic
                  | ancestry]
  9787 | D:7      | Reached XP level 9. HP: 63/63 MP: 12/12
 10690 | D:8      | Identified the Handbook of Lightness
 10756 | D:8      | Noticed a two-headed ogre
 10778 | D:8      | Killed a two-headed ogre
 11184 | D:8      | Reached ** piety under Ashenzari
 11404 | D:8      | Reached XP level 10. HP: 61/73 MP: 13/13
 11437 | D:8      | Reached skill level 5 in Fighting
 11516 | D:8      | Found a staircase to the Lair.
 11978 | D:8      | Found an iron altar of Okawaru.
 12060 | D:9      | Found a white marble altar of Elyvilon.
 12354 | D:9      | Noticed a centaur warrior
 12369 | D:9      | Killed a centaur warrior
 12370 | D:9      | Reached skill level 5 in Dodging
 12724 | D:9      | Reached skill level 5 in Shields
 13405 | D:9      | Slain by a yak

Illustrated notes

Levels and vault maps discovered:
D:1:      minmay_arrival_stone_box, layout_rooms
D:2:      layout_rooms, chequers_ecumenical_altar_simple_redux, minmay_tripent,
          uniq_terence
D:3:      layout_loops_ring, overflow_temple_1_default,
          nicolae_overflow_crystal_walls, zin_angel, serial_rivers,
          chequers_serial_rivers_room_b, chequers_serial_rivers_micro_c,
          chequers_serial_rivers_marsh, chequers_serial_rivers_micro_d,
          chequers_serial_rivers_small_b, chequers_serial_rivers_large_b,
          minivault_19, grunt_decor_cap, uniq_ijyb
D:4:      layout_loops_ring, grunt_gozag_statues, minmay_temple_entry_arrows,
          portal_sewer_entry_b, uniq_eustachio
D:5:      minmay_razor_zed, layout_loops_ring, serial_shops,
          kennysheep_little_box
D:6:      layout_basic, gammafunk_temple_overflow_pools,
          lightli_ossuary_entry_decrepit_ruins, basic_altar,
          minmay_tree_intersection, uniq_edmund
D:7:      layout_loops_corners
D:8:      layout_basic, lemuel_doored_altar, grunt_lair_entry_orc_guard_hut,
          kennysheep_just_a_vault
D:9:      layout_layer_cave, elyvilon_altar_4, lemuel_coloured_pillars_altar,
          serial_bayou, serial_bayou_lagoon_a, serial_bayou_pond_b,
          serial_bayou_shore_a, serial_bayou_shore_b, serial_bayou_pond_a
Temple:   oiseaux_autumnal_temple

Skill      XL: |  1  2  3  4  5  6  7  8  9 10 |
---------------+-------------------------------+-----
Unarmed Combat | 3 4 5 6 7 9 10 | 10.0
Armour         | 1 |  1.0
Transmutations | 2 3 4 |  4.3
Shields        | 2 4 5 |  5.5
Dodging        | 2 4 5 |  5.8
Fighting       | 3 4 6 |  6.2
Evocations     | 1 3 |  3.6
Spellcasting   | |  2.0

Action                   |  1- 3 |  4- 6 |  7- 9 | 10-12 || total
-------------------------+-------+-------+-------+-------++-------
Melee: Unarmed           |    99 |   313 |   401 |   111 ||   924
       Headbutt          |    15 |    23 |    12 |    15 ||    65
       Kick              |    13 |    52 |    82 |    34 ||   181
       Punch             |     2 |     6 |     7 |       ||    15
 Cast: Beastly Appendage |    18 |    21 |    14 |     9 ||    62
       Wereblood         |     2 |     2 |       |       ||     4
Invok: Curse Item        |       |       |     4 |       ||     4
Evoke: Phial of floods   |       |     1 |     1 |       ||     2
       Wand              |       |       |    12 |     3 ||    15
  Use: Potion            |     2 |     1 |     6 |       ||     9
       Scroll            |       |     4 |    10 |     2 ||    16
 Stab: Sleeping          |       |     1 |       |       ||     1
       Paralysed         |       |       |     7 |       ||     7
       Invisible         |       |       |     1 |       ||     1
Armor: Robe              |    20 |       |       |       ||    20
       Ring mail         |     2 |    92 |       |       ||    94
       Leather armour    |       |    26 |   106 |    17 ||   149
Dodge: Dodged            |    69 |   177 |   151 |    44 ||   441
Block: Kite shield       |       |       |    97 |    42 ||   139

Table legend: (Time is in decaauts)
 A = Elapsed time spent in this place.
 B = Non-inter-level travel time spent in this place.
 C = Inter-level travel time spent in this place.
 D = Time resting spent in this place.
 E = Time spent auto-exploring this place.
 F = Levels seen in this place.
 G = Mean time per level.
                   A        B        C        D        E       F      G
               +--------+--------+--------+--------+--------+-----+--------+
         Total |  13442 |  13265 |    177 |   1511 |   9561 |  12 | 1120.2 |
       Dungeon |  11562 |  11401 |    161 |   1075 |   8657 |   9 | 1284.7 |
        Temple |     60 |     44 |     16 |      0 |     30 |   1 |   60.0 |
         Sewer |   1212 |   1212 |      0 |    436 |    525 |   1 | 1212.0 |
       Ossuary |    606 |    606 |      0 |      0 |    349 |   1 |  606.0 |
               +--------+--------+--------+--------+--------+-----+--------+

Top non-repeatable levels by time:
     D:5: 1700 daAuts
     D:8: 1551 daAuts
     D:3: 1408 daAuts
     D:1: 1371 daAuts
     D:7: 1332 daAuts
   Sewer: 1212 daAuts
     D:9: 1181 daAuts
     D:4: 1160 daAuts
     D:6: 1000 daAuts
     D:2: 855 daAuts
 Ossuary: 606 daAuts
  Temple: 60 daAuts
